| TOP OF THE 1ST |
|
St. Pete Cardinals batting - Pitching for Port Lavaca Indians : LHP Lester Strode
|
|
Pitching: LHP Lester Strode
|
|
|
Batting: RHB John Roberts
|
0-0: Foul Ball, location: 2F 0-1: SINGLE (Line Drive, 7LS, EV 105.0 MPH)
|
|
Batting: RHB Victor Jimenez
|
0-0: Called Strike 0-1: Foul Ball, location: 2F 0-2: Ball 1-2: Ball 2-2: Strikes out swinging
|
|
Batting: RHB Joe Scime
|
0-0: Swinging Strike 0-1: Ball 1-1: Ball 2-1: SINGLE (Flyball, 89S, EV 90.6 MPH) John Roberts to second Runner from 2nd tries for 3rd, SAFE, throw by RF made to third
|
|
Batting: RHB Eric Hardgrave
|
0-0: Ball 1-0: Called Strike 1-1: Ball 2-1: Ball 3-1: SINGLE (Line Drive, 34D, EV 95.6 MPH) John Roberts scores Joe Scime to second Runner from 2nd tries for 3rd, SAFE, throw by RF made to third
|
|
Batting: RHB Omar Interiano
|
0-0: Called Strike 0-1: Fly out, F9 (Flyball, 9LS, EV 92.5 MPH)
|
|
Batting: RHB Tom Magrann
|
0-0: Ball 1-0: Ball 2-0: Ball 3-0: Base on Balls Eric Hardgrave to second
|
|
Batting: LHB Richard Hazard
|
0-0: Called Strike 0-1: Ball 1-1: Fly out, F8 (Flyball, 89S, EV 81.9 MPH)
|
| Top of the 1st over - 1 run, 3 hits, 0 errors, 3 left on base; St. Pete 1 - Port Lavaca 0 |
| BOTTOM OF THE 1ST |
|
Port Lavaca Indians batting - Pitching for St. Pete Cardinals : RHP Stan Leland
|
|
Pitching: RHP Stan Leland
|
|
|
Batting: RHB Jeff Schugel
|
0-0: Called Strike 0-1: Fly out, F8 (Flyball, 8RD, EV 96.9 MPH)
|
|
Batting: LHB Raul Dominguez
|
0-0: Called Strike 0-1: Foul Ball, location: 2F 0-2: Ball 1-2: Ground out 6-3 (Groundball, 4M, EV 105.6 MPH)
|
|
Batting: LHB Antonio Huerta
|
0-0: Called Strike 0-1: Ball 1-1: Called Strike 1-2: Fly out, F5 (Popup, 15, EV 73.1 MPH)
|
| Bottom of the 1st over - 0 runs, 0 hits, 0 errors, 0 left on base; St. Pete 1 - Port Lavaca 0 |
| TOP OF THE 2ND |
|
St. Pete Cardinals batting - Pitching for Port Lavaca Indians : LHP Lester Strode
|
|
Batting: RHB Jose Mantilla
|
0-0: SINGLE (Groundball, 6D, EV 99.4 MPH)
|
|
Batting: RHB Carlos Garcia
|
0-0: Ball Wild Pitch! Jose Mantilla to second 1-0: Ball 2-0: Called Strike 2-1: Swinging Strike 2-2: Foul Ball, location: 2F 2-2: Strikes out looking
|
|
Batting: RHB John Roberts
|
0-0: Ball 1-0: Swinging Strike 1-1: Foul Ball, location: 2F 1-2: Foul Ball, location: 2F 1-2: Foul Ball, location: 2F 1-2: Strikes out swinging
|
|
Batting: RHB Victor Jimenez
|
0-0: DOUBLE (Groundball, 5L, EV 103.1 MPH) Jose Mantilla scores
|
|
Batting: RHB Joe Scime
|
0-0: Ball 1-0: Ground out 5-3 (Groundball, 5, EV 101.3 MPH)
|
| Top of the 2nd over - 1 run, 2 hits, 0 errors, 1 left on base; St. Pete 2 - Port Lavaca 0 |
| BOTTOM OF THE 2ND |
|
Port Lavaca Indians batting - Pitching for St. Pete Cardinals : RHP Stan Leland
|
|
Batting: RHB Ramon Sarmiento
|
0-0: Ball 1-0: Swinging Strike 1-1: Ball 2-1: Ball 3-1: Fly out, F3 (Popup, 23F, EV 81.9 MPH)
|
|
Batting: LHB Wally Joyner
|
0-0: Foul Ball, location: 2F 0-1: Ball 1-1: Ball 2-1: DOUBLE (Line Drive, 78XD, EV 111.3 MPH)
|
|
Batting: RHB Jeffrey Rhodes
|
0-0: Called Strike 0-1: Ball 1-1: Ball 2-1: Ground out 1-3 (Groundball, 13S, EV 63.1 MPH) Wally Joyner to third
|
|
Batting: RHB Jim Lindeman
|
0-0: Ball 1-0: Fly out, F4 (Popup, 4S, EV 70.6 MPH)
|
| Bottom of the 2nd over - 0 runs, 1 hit, 0 errors, 1 left on base; St. Pete 2 - Port Lavaca 0 |
| TOP OF THE 3RD |
|
St. Pete Cardinals batting - Pitching for Port Lavaca Indians : LHP Lester Strode
|
|
Batting: RHB Eric Hardgrave
|
0-0: Foul Ball, location: 2F 0-1: Swinging Strike 0-2: Ball 1-2: Foul Ball, location: 2F 1-2: Ball 2-2: Ground out 5-3 (Groundball, 25, EV 78.1 MPH)
|
|
Batting: RHB Omar Interiano
|
0-0: Ball 1-0: Ground out 4-3 (Groundball, 4, EV 76.9 MPH)
|
|
Batting: RHB Tom Magrann
|
0-0: Ground out 3-1 (Groundball, 34, EV 88.8 MPH)
|
| Top of the 3rd over - 0 runs, 0 hits, 0 errors, 0 left on base; St. Pete 2 - Port Lavaca 0 |
| BOTTOM OF THE 3RD |
|
Port Lavaca Indians batting - Pitching for St. Pete Cardinals : RHP Stan Leland
|
|
Batting: RHB DeMarlo Hale
|
0-0: Foul Ball, location: 2F 0-1: Ball 1-1: Foul Ball, location: 2F 1-2: Ball 2-2: Ball 3-2: Base on Balls
|
|
Batting: LHB William Tirado
|
0-0: Foul Ball, location: 2F 0-1: Foul Ball, location: 2F 0-2: Strikes out swinging
|
|
Batting: RHB Jeff Schugel
|
0-0: Foul Ball, location: 2F 0-1: Foul Ball, location: 2F 0-2: Ball 1-2: DOUBLE (Line Drive, 78XD, EV 101.3 MPH) DeMarlo Hale to third Runner from 3rd tries for Home, SAFE, no throw by CF
|
|
Batting: LHB Raul Dominguez
|
0-0: Called Strike 0-1: Foul Ball, location: 2F 0-2: Ball 1-2: Foul Ball, location: 2F 1-2: Foul Ball, location: 2F 1-2: Ball 2-2: Fly out, F8 (Flyball, 89D, EV 91.3 MPH) Runner from 2nd tags up, SAFE at 3rd, no throw by CF
|
|
Batting: LHB Antonio Huerta
|
0-0: Fly out, F5 (Flyball, 56D, EV 81.3 MPH)
|
| Bottom of the 3rd over - 1 run, 1 hit, 0 errors, 1 left on base; St. Pete 2 - Port Lavaca 1 |
| TOP OF THE 4TH |
|
St. Pete Cardinals batting - Pitching for Port Lavaca Indians : LHP Lester Strode
|
|
Batting: LHB Richard Hazard
|
0-0: Called Strike 0-1: Ball 1-1: SINGLE (Flyball, 7LS, EV 88.1 MPH)
|
|
Batting: RHB Jose Mantilla
|
0-0: Foul Ball, location: 2F 0-1: Ball 1-1: SINGLE (Flyball, 56D, EV 93.1 MPH) Richard Hazard to second
|
|
Batting: RHB Carlos Garcia
|
0-0: Ball 1-0: Called Strike 1-1: Ball 2-1: Foul Ball, location: 2F 2-2: Ball 3-2: Base on Balls Richard Hazard to third Jose Mantilla to second
|
|
Batting: RHB John Roberts
|
0-0: Called Strike 0-1: SINGLE (Groundball, 4MD, EV 106.9 MPH) Richard Hazard scores Jose Mantilla to third Carlos Garcia to second
|
|
Batting: RHB Victor Jimenez
|
0-0: Fly out, F9 (Flyball, 9LD, EV 104.4 MPH)
|
|
Batting: RHB Joe Scime
|
0-0: Ball 1-0: Swinging Strike 1-1: Foul Ball, location: 2F 1-2: Foul Ball, location: 2F 1-2: Ball 2-2: Strikes out swinging
|
|
Batting: RHB Eric Hardgrave
|
0-0: Foul Ball, location: 2F 0-1: DOUBLE (Flyball, 7LD, EV 101.3 MPH) Jose Mantilla scores Carlos Garcia scores John Roberts to third Runner from 3rd tries for Home, SAFE, no throw by LF
|
|
Pitching: RHP Mark Leonette
|
|
|
Batting: RHB Omar Interiano
|
0-0: SINGLE (Groundball, 34D, EV 101.3 MPH) (infield hit) Eric Hardgrave to third
|
|
Batting: RHB Tom Magrann
|
0-0: Ball 1-0: Ball 2-0: Called Strike Pickoff Throw by Catcher to First - Error! E2 Eric Hardgrave scores Omar Interiano to second 2-1: Fly out, F8 (Flyball, 89D, EV 109.4 MPH)
|
| Top of the 4th over - 5 runs, 5 hits, 1 error, 1 left on base; St. Pete 7 - Port Lavaca 1 |
| BOTTOM OF THE 4TH |
|
Port Lavaca Indians batting - Pitching for St. Pete Cardinals : RHP Stan Leland
|
|
Batting: RHB Ramon Sarmiento
|
0-0: Called Strike 0-1: Ball 1-1: Ball 2-1: Ground out U3 (Groundball, 34, EV 98.1 MPH)
|
|
Batting: LHB Wally Joyner
|
0-0: Foul Ball, location: 2F 0-1: Fly out, F6 (Popup, 6MD, EV 45.6 MPH)
|
|
Batting: RHB Jeffrey Rhodes
|
0-0: Ball 1-0: SINGLE (Groundball, 4M, EV 85.6 MPH) (infield hit)
|
|
Batting: RHB Jim Lindeman
|
0-0: Ball 1-0: Ball 2-0: SINGLE (Line Drive, 7S, EV 91.3 MPH) Jeffrey Rhodes to second
|
|
Batting: RHB DeMarlo Hale
|
0-0: Ball 1-0: Called Strike 1-1: Foul Ball, location: 2F 1-2: Foul Ball, location: 2F 1-2: SINGLE (Flyball, 5D, EV 89.4 MPH) Jeffrey Rhodes to third Jim Lindeman to second Runner from 3rd tries for Home, SAFE, throw by LF to home
|
|
Batting: LHB William Tirado
|
0-0: Called Strike 0-1: Called Strike 0-2: Strikes out swinging
|
| Bottom of the 4th over - 1 run, 3 hits, 0 errors, 2 left on base; St. Pete 7 - Port Lavaca 2 |
| TOP OF THE 5TH |
|
St. Pete Cardinals batting - Pitching for Port Lavaca Indians : RHP Mark Leonette
|
|
Batting: LHB Richard Hazard
|
0-0: Foul Ball, location: 2F 0-1: Ball 1-1: Ball 2-1: Ball 3-1: Swinging Strike 3-2: Foul Ball, location: 2F 3-2: Base on Balls
|
|
Batting: RHB Jose Mantilla
|
0-0: Foul Ball, location: 2F 0-1: Called Strike 0-2: DOUBLE (Flyball, 8LD, EV 97.5 MPH) Richard Hazard to third Runner from 3rd tries for Home, SAFE, throw by CF to home
|
|
Batting: RHB Carlos Garcia
|
0-0: Ball 1-0: Ball 2-0: Called Strike 2-1: Ball 3-1: Base on Balls
|
|
Batting: RHB John Roberts
|
0-0: Ball 1-0: Foul Ball, location: 2F 1-1: Ball 2-1: Ball 3-1: Fly out, F8 (Flyball, 8LD, EV 93.1 MPH)
|
|
Batting: RHB Victor Jimenez
|
0-0: Swinging Strike 0-1: Ball 1-1: Grounds into double play, 4-6-3 (Groundball, 4, EV 78.1 MPH)
|
| Top of the 5th over - 1 run, 1 hit, 0 errors, 1 left on base; St. Pete 8 - Port Lavaca 2 |
| BOTTOM OF THE 5TH |
|
Port Lavaca Indians batting - Pitching for St. Pete Cardinals : RHP Stan Leland
|
|
Batting: RHB Jeff Schugel
|
0-0: Fly out, F9 (Flyball, 9D, EV 93.8 MPH)
|
|
Batting: LHB Raul Dominguez
|
0-0: Ball 1-0: Fly out, F8 (Flyball, 8RD, EV 103.1 MPH)
|
|
Batting: LHB Antonio Huerta
|
0-0: Ball 1-0: Reached on error, E6 (Groundball, 6, EV 85.0 MPH)
|
|
Batting: RHB Ramon Sarmiento
|
0-0: Ball 1-0: Ball 2-0: Ball 3-0: Base on Balls
|
|
Batting: LHB Wally Joyner
|
0-0: Swinging Strike 0-1: Ball 1-1: Ball 2-1: Ball 3-1: Base on Balls Antonio Huerta to third Ramon Sarmiento to second
|
|
Batting: RHB Jeffrey Rhodes
|
0-0: Called Strike 0-1: Ball 1-1: Ball 2-1: Called Strike 2-2: Ball 3-2: Strikes out swinging
|
| Bottom of the 5th over - 0 runs, 0 hits, 1 error, 3 left on base; St. Pete 8 - Port Lavaca 2 |
| TOP OF THE 6TH |
|
St. Pete Cardinals batting - Pitching for Port Lavaca Indians : RHP Mark Leonette
|
|
Batting: RHB Joe Scime
|
0-0: Swinging Strike 0-1: Ball 1-1: Foul Ball, location: 2F 1-2: Ball 2-2: Ball 3-2: Ground out 6-3 (Groundball, 6, EV 81.3 MPH)
|
|
Batting: RHB Eric Hardgrave
|
0-0: Foul Ball, location: 2F 0-1: Called Strike 0-2: Ball 1-2: Fly out, F7 (Flyball, 7S, EV 90.6 MPH)
|
|
Batting: RHB Omar Interiano
|
0-0: Foul Ball, location: 2F 0-1: Foul Ball, location: 2F 0-2: Strikes out swinging
|
| Top of the 6th over - 0 runs, 0 hits, 0 errors, 0 left on base; St. Pete 8 - Port Lavaca 2 |
| BOTTOM OF THE 6TH |
|
Port Lavaca Indians batting - Pitching for St. Pete Cardinals : RHP Stan Leland
|
|
Batting: RHB Jim Lindeman
|
0-0: Ball 1-0: Ground out 1-3 (Groundball, 13S, EV 68.1 MPH)
|
|
Batting: RHB DeMarlo Hale
|
0-0: Ball 1-0: DOUBLE (Flyball, 8RXD, EV 108.1 MPH)
|
|
Batting: LHB William Tirado
|
0-0: Ground out 4-3 (Groundball, 4, EV 81.3 MPH) DeMarlo Hale to third
|
|
Batting: RHB Jeff Schugel
|
0-0: Fly out, F8 (Flyball, 8RD, EV 79.4 MPH)
|
| Bottom of the 6th over - 0 runs, 1 hit, 0 errors, 1 left on base; St. Pete 8 - Port Lavaca 2 |
| TOP OF THE 7TH |
|
St. Pete Cardinals batting - Pitching for Port Lavaca Indians : RHP Mark Leonette
|
|
Batting: RHB Tom Magrann
|
0-0: Swinging Strike 0-1: Foul Ball, location: 2F 0-2: Strikes out swinging
|
|
Batting: LHB Richard Hazard
|
0-0: Ball 1-0: Called Strike 1-1: Fly out, F6 (Popup, 6M, EV 60.6 MPH)
|
|
Batting: RHB Jose Mantilla
|
0-0: Ball 1-0: Ball 2-0: Ball 3-0: Called Strike 3-1: Fly out, F8 (Flyball, 78M, EV 89.4 MPH)
|
| Top of the 7th over - 0 runs, 0 hits, 0 errors, 0 left on base; St. Pete 8 - Port Lavaca 2 |
| BOTTOM OF THE 7TH |
|
Port Lavaca Indians batting - Pitching for St. Pete Cardinals : RHP Stan Leland
|
|
Batting: LHB Raul Dominguez
|
0-0: Ball 1-0: Ball 2-0: Ground out U3 (Groundball, 13, EV 85.6 MPH)
|
|
Batting: LHB Antonio Huerta
|
0-0: Swinging Strike 0-1: Ground out U3 (Groundball, 34, EV 87.5 MPH)
|
|
Batting: RHB Ramon Sarmiento
|
0-0: Foul Ball, location: 2F 0-1: Ball 1-1: Called Strike 1-2: Ball 2-2: Foul Ball, location: 2F 2-2: Foul Ball, location: 2F 2-2: Foul Ball, location: 2F 2-2: DOUBLE (Line Drive, 78XD, EV 108.1 MPH)
|
|
Batting: LHB Wally Joyner
|
0-0: Ball 1-0: Ball 2-0: Foul Ball, location: 2F 2-1: Fly out, F7 (Flyball, 78M, EV 75.0 MPH)
|
| Bottom of the 7th over - 0 runs, 1 hit, 0 errors, 1 left on base; St. Pete 8 - Port Lavaca 2 |
| TOP OF THE 8TH |
|
St. Pete Cardinals batting - Pitching for Port Lavaca Indians : RHP Mark Leonette
|
|
Batting: RHB Carlos Garcia
|
0-0: Foul Ball, location: 2F 0-1: Ball 1-1: Ball 2-1: Ball 3-1: Called Strike 3-2: Foul Ball, location: 2F 3-2: Strikes out swinging
|
|
Batting: RHB John Roberts
|
0-0: Called Strike 0-1: Ball 1-1: Swinging Strike 1-2: Ball 2-2: Foul Ball, location: 2F 2-2: SINGLE (Groundball, 34D, EV 102.5 MPH)
|
|
Pitching: RHP Michael Shuleeta
|
|
|
Batting: RHB Victor Jimenez
|
0-0: Foul Ball, location: 2F 0-1: Foul Ball, location: 2F 0-2: Strikes out looking
|
|
Batting: RHB Joe Scime
|
0-0: Ball 1-0: Ball 2-0: Ball 3-0: Base on Balls John Roberts to second
|
|
Batting: RHB Eric Hardgrave
|
0-0: Called Strike 0-1: Ball 1-1: Foul Ball, location: 2F 1-2: Strikes out swinging
|
| Top of the 8th over - 0 runs, 1 hit, 0 errors, 2 left on base; St. Pete 8 - Port Lavaca 2 |
| BOTTOM OF THE 8TH |
|
Port Lavaca Indians batting - Pitching for St. Pete Cardinals : RHP Stan Leland
|
|
Batting: RHB Jeffrey Rhodes
|
0-0: Called Strike 0-1: Ball 1-1: Foul Ball, location: 2F 1-2: Foul Ball, location: 2F 1-2: Foul Ball, location: 2F 1-2: Ball 2-2: Strikes out swinging
|
|
Batting: RHB Jim Lindeman
|
0-0: Ball 1-0: Ball 2-0: Swinging Strike 2-1: Ground out 4-3 (Groundball, 4M, EV 96.3 MPH)
|
|
Batting: RHB DeMarlo Hale
|
0-0: Fly out, F8 (Flyball, 8LD, EV 92.5 MPH)
|
| Bottom of the 8th over - 0 runs, 0 hits, 0 errors, 0 left on base; St. Pete 8 - Port Lavaca 2 |
| TOP OF THE 9TH |
|
St. Pete Cardinals batting - Pitching for Port Lavaca Indians : RHP Michael Shuleeta
|
|
Batting: RHB Omar Interiano
|
0-0: Ball 1-0: Swinging Strike 1-1: Swinging Strike 1-2: Strikes out looking
|
|
Batting: RHB Tom Magrann
|
0-0: Called Strike 0-1: Ball 1-1: Ball 2-1: Fly out, F5 (Line Drive, 5, EV 64.4 MPH)
|
|
Batting: LHB Richard Hazard
|
0-0: Called Strike 0-1: Ball 1-1: Called Strike 1-2: Ball 2-2: Ball 3-2: Foul Ball, location: 2F 3-2: Foul Ball, location: 2F 3-2: Strikes out swinging
|
| Top of the 9th over - 0 runs, 0 hits, 0 errors, 0 left on base; St. Pete 8 - Port Lavaca 2 |
| BOTTOM OF THE 9TH |
|
Port Lavaca Indians batting - Pitching for St. Pete Cardinals : RHP Stan Leland
|
|
Pitching: RHP John Nurthen
|
|
|
Batting: LHB William Tirado
|
0-0: Ball 1-0: DOUBLE (Line Drive, 89XD, EV 113.8 MPH)
|
|
Batting: RHB Jeff Schugel
|
0-0: Ball 1-0: Foul Ball, location: 2F 1-1: Fly out, F7 (Flyball, 7S, EV 83.1 MPH)
|
|
Batting: LHB Raul Dominguez
|
0-0: Ground out 6-3 (Groundball, 6, EV 103.8 MPH)
|
|
Batting: LHB Antonio Huerta
|
0-0: Foul Ball, location: 2F 0-1: SINGLE (Line Drive, 56D, EV 95.6 MPH) William Tirado to third
|
|
Batting: RHB Ramon Sarmiento
|
0-0: Called Strike 0-1: Ball 1-1: Called Strike 1-2: Ball 2-2: Foul Ball, location: 2F 2-2: Ball 3-2: Strikes out swinging
|
| Bottom of the 9th over - 0 runs, 2 hits, 0 errors, 2 left on base; St. Pete 8 - Port Lavaca 2 |
|